 Dungeon Crawl Stone Soup version 0.21-a0-140-g479285b (webtiles) character file.

29 Chiseanne the Skirmisher (level 3, 28/28 HPs)
             Began as a Demonspawn Wanderer on July 21, 2017.
             Quit the game on level 1 of the Dungeon.
             The game lasted 00:02:05 (1008 turns).

Chiseanne the Skirmisher (Demonspawn Wanderer)      Turns: 1008, Time: 00:02:06

Health: 28/28      AC:  3    Str: 10    XL:     3   Next: 1%
Magic:  1/6        EV: 12    Int: 19    God:
Gold:   35         SH:  0    Dex:  9    Spells: 5/6 levels left

rFire    . . .     SeeInvis .   a - +0 dagger (elec)
rCold    . . .     Gourm    .   (no shield)
rNeg     . . .     Faith    .   d - +0 robe
rPois    .         Spirit   .   (helmet restricted)
rElec    .         Reflect  .   (no cloak)
rCorr    .         Harm     .   (no gloves)
MR       .....                  (no boots)
Stlth    ++........             (no amulet)
HPRegen  0.09/turn              (no ring)
MPRegen  0.10/turn              (no ring)

@: very slightly contaminated
A: antennae 1, rugged brown scales 1
a: no special abilities


You were on level 1 of the Dungeon.
You were not hungry.

You visited 1 branch of the dungeon, and saw 1 of its levels.

You collected 35 gold pieces.

Inventory:

Hand Weapons
 a - a +0 dagger of electrocution (weapon)
Missiles
 c - 7 stones (quivered)
 h - 29 sling bullets
Armour
 d - a +0 robe (worn)
Scrolls
 l - a scroll of enchant weapon {unknown}
 m - a scroll of teleportation {unknown}
 q - a scroll of identify {unknown}
Potions
 e - a potion of resistance {unknown}
 i - a potion of might {unknown}
 n - a potion of ambrosia {unknown}
Books
 b - the Collected Works on Envenoming

   Spells                             Type                      Level
   a - Sting                          Conjuration/Poison           1
   b - Mephitic Cloud                 Conjuration/Poison/Air       3
 j - a book of Geomancy

   Spells                             Type                      Level
   a - Sandblast                      Earth                        1
   b - Passwall                       Transmutation/Earth          2
   c - Stone Arrow                    Conjuration/Earth            3
   d - Petrify                        Transmutation/Earth          4
   e - Lee's Rapid Deconstruction     Earth                        5
Comestibles
 f - 2 bread rations
 g - a royal jelly
 k - 3 fruits
 p - 2 meat rations


   Skills:
 * Level 2.5 Fighting
   Level 1.0 Long Blades
 - Level 1.0 Throwing
 * Level 1.5 Dodging
 - Level 1.7 Stealth
 * Level 2.2 Spellcasting
 * Level 1.2 Conjurations
   Level 1.0 Earth Magic


You had 5 spell levels left.
You knew the following spells:

 Your Spells              Type           Power        Failure   Level  Hunger
a - Sting                 Conj/Pois      #...         13%         1    #......


Dungeon Overview and Level Annotations

Branches:
Dungeon (1/15)

Altars:


Innate Abilities, Weirdness & Mutations

You have a pair of small antennae on your head.
You are partially covered in rugged brown scales. (AC +1, +3% HP)


Message History

You hit the giant cockroach but do no damage.
The giant cockroach waves its antennae.
The giant cockroach bites you but does no damage.
You hit the giant cockroach.
The giant cockroach is moderately wounded.
The giant cockroach bites you but does no damage.
You hit the giant cockroach but do no damage.
The giant cockroach is moderately wounded.
The giant cockroach closely misses you. The giant cockroach barely misses you.
You closely miss the giant cockroach.
The giant cockroach bites you but does no damage.
You hit the giant cockroach.
Lightning courses through the giant cockroach!
You kill the giant cockroach!
You have reached level 3!
Your experience leads to an increase in your attributes!
Increase (S)trength, (I)ntelligence, or (D)exterity?
You feel clever.
Your demonic ancestry asserts itself...
A pair of antennae grows on your head!
Are you sure you want to abandon this character and quit the game? (Confirm with "yes".)

#########
#.......#
#.#####.# #
#@# #[# ## #†#
#.# .## #.#
#.# ..## #.#
#.# ...#..
...>#>#.######
#..#..####
#............#
...#.....#
#.....#.####.#
...#.....#
......#.# #.#
<.##.....+
..... #.# #.#


There were no monsters in sight!

Vanquished Creatures
  An ooze (D:1)
  A dart slug (D:1)
  3 giant cockroaches (D:1)
  2 goblins (D:1)
  A hobgoblin (D:1)
  3 jackals (D:1)
  6 kobolds (D:1)
  A bat (D:1)
  2 rats (D:1)
20 creatures vanquished.

Notes
Turn   | Place    | Note
-------+----------+-------------------------------------------
     0 | D:1      | Chiseanne the Demonspawn Wanderer began the quest for the Orb.
     0 | D:1      | Chiseanne set off with: a book of Geomancy, the Collected Works on Envenoming, a +0 falchion, a +0 robe, a +0 dagger, a bread ration
     0 | D:1      | Reached XP level 1. HP: 16/16 MP: 3/3
     0 | D:1      | Identified the Collected Works on Envenoming
     2 | D:1      | Learned a level 1 spell: Sting
   503 | D:1      | Gained mutation: You are partially covered in rugged brown scales. (AC +1, +3% HP) [demonic ancestry]
   503 | D:1      | Reached XP level 2. HP: 16/22 MP: 0/5
   639 | D:1      | Reached skill level 1 in Conjurations
  1007 | D:1      | Gained mutation: You have a pair of small antennae on your head. [demonic ancestry]
  1007 | D:1      | Reached XP level 3. HP: 28/28 MP: 1/6
  1008 | D:1      | Quit the game

Vault maps used:
D:1:      dpeg_chamrin_arrival_tetris

Skill      XL: |  1  2 |
---------------+-------+-----
Conjurations   | 1 |  1.2
Fighting       | |  2.5
Long Blades    | |  1.0
Throwing       | |  1.0
Dodging        | |  1.5
Stealth        | |  1.7
Spellcasting   | |  2.2
Earth Magic    | |  1.0

Action                   || total
-------------------------++-------
Melee: Dagger            ||    46
       Falchion          ||     1
 Cast: Sting             ||    32
  Eat: Chunk             ||     1
Armor: Robe              ||    14
Dodge: Dodged            ||    32
